 Dungeon Crawl Stone Soup version 0.29.1-12-g30fa7ad0bf (webtiles) character file.

Game seed: 682260572930224525

10247 KhryDL the Fighter (level 11, -6/110 HPs)
             Began as a Minotaur Berserker on Jan 7, 2023.
             Was a High Priest of Trog.
             Mangled by EarthwalkerPL's ghost (12 damage)
             ... on level 10 of the Dungeon.
             The game lasted 00:48:16 (10491 turns).

KhryDL the Fighter (Minotaur Berserker)            Turns: 10491, Time: 00:48:17

Health: -6/110     AC: 25    Str: 26    XL:     11   Next: 33%
Magic:  10/10      EV:  8    Int:  6    God:    Trog [*****.]
Gold:   746        SH:  0    Dex: 12    Spells: 10/10 levels left

rFire   . . .      SeeInvis .   m - +2 battleaxe (flame)
rCold   . . .      Faith    .   (shield currently unavailable)
rNeg    . . .      Spirit   .   L - +5 plate armour
rPois   .          Reflect  .   (helmet restricted)
rElec   +          Harm     .   K - +2 cloak
rCorr   .          Rampage  .   j - +2 pair of gloves
Will    ++...                   (no boots)
Stlth   ..........              (no amulet)
HPRegen 1.28/turn               G - +4 ring of protection
MPRegen 0.12/turn               B - +6 ring of strength

@: strong-willed, on berserk cooldown, regenerating, slowed, very slow
A: horns 2, retaliatory headbutt, thin skeletal structure 1, electricity
resistance, MP-powered wands, [deformed body], [screaming 2], [weak 2]
a: Renounce Religion, Berserk, Trog's Hand, Brothers in Arms


You were on level 10 of the Dungeon.
You worshipped Trog.
Trog was extremely pleased with you.
You visited 1 branch of the dungeon, and saw 10 of its levels.

You collected 746 gold pieces.

Inventory:

Hand Weapons
 a - a +1 hand axe
 m - a +2 battleaxe of flaming (weapon)
Missiles
 v - 46 poisoned darts (quivered)
 C - 2 throwing nets
Armour
 j - a +2 pair of gloves (worn)
 s - the +18 Lear's hauberk
   (You found it on level 2 of the Dungeon)
 y - a +0 helmet
 K - a +2 cloak (worn)
 L - a +5 plate armour (worn)
Jewellery
 p - a ring of positive energy
 w - a ring of willpower
 B - a +6 ring of strength (right hand)
 E - a ring of poison resistance
 G - a +4 ring of protection (left hand)
Wands
 b - a wand of polymorph (3)
 i - a wand of paralysis (7)
 u - a wand of iceblast (36)
 A - a wand of digging (4)
 D - a wand of mindburst (20)
 I - a wand of flame (14)
 J - a wand of quicksilver (13)
Scrolls
 c - 4 scrolls of teleportation
 d - a scroll of poison
 k - 2 scrolls of amnesia
 o - a scroll of vulnerability
 q - 2 scrolls of fear
 x - a scroll of blinking
 z - a scroll of silence
Potions
 e - 7 potions of might
 f - 2 potions of attraction
 h - 3 potions of brilliance
 l - 2 potions of heal wounds
 r - 5 potions of curing
 t - 3 potions of mutation
 F - 5 potions of lignification
 H - a potion of degeneration
Miscellaneous
 g - a piece from Xom's chessboard (15/15)


   Skills:
 - Level 14.2 Fighting
 + Level 13.9 Axes
 - Level 9.5 Armour
 - Level 2.2 Dodging


You had 10 spell levels left.
You didn't know any spells.
Your spell library was empty.

Dungeon Overview and Level Annotations

Branches:
Dungeon (10/15)            Temple (0/1) D:7            Lair (0/5) D:8
    Orc (0/2) D:10

Altars:
Dithmenos
Nemelex Xobeh
Okawaru
Sif Muna
Uskayaw
Vehumet
Xom
Yredelemnul
The Shining One

Portals:
Abyss: D:10

Annotations:
D:10 1 transporter, EarthwalkerPL's ghost, novice MiFi


Innate Abilities, Weirdness & Mutations

You have a pair of horns on your head.
You reflexively headbutt those who attack you in melee.
You have a somewhat thin skeletal structure. (Dex +2, Stealth+)
You are resistant to electric shocks. (rElec)
You expend magic power (3 MP) to strengthen your wands.
[Armour fits poorly on your strangely shaped body.]
[You frequently scream uncontrollably at your foes.]
[You are very weak. (Str -4)]


Message History

The wretched star glows turbulently.
The lance of force misses you.
Okay, then.
You slash the wretched star! You burn the wretched star.
The wretched star is moderately damaged.
You slash EarthwalkerPL's ghost! You burn EarthwalkerPL's ghost.
EarthwalkerPL's ghost hits you but does no damage.
The wretched star glows turbulently.
The lance of force hits you!!
* * * LOW HITPOINT WARNING * * *
You are knocked back by the lance of force.
You slam into the stone wall!
* * * LOW HITPOINT WARNING * * *
EarthwalkerPL's ghost hits you but does no damage.
You feel much better.
EarthwalkerPL's ghost closely misses you.
Okay, then.
You closely miss the wretched star. You headbutt the wretched star.
The wretched star is heavily damaged.
You hit EarthwalkerPL's ghost but do no damage.
EarthwalkerPL's ghost hits you.
The wretched star pulses with an eldritch light!
You feel the urge to shout.
You feel a strong urge to scream.
EarthwalkerPL's ghost hits you but does no damage.
You hit the wretched star. You burn the wretched star.
Your headbutt misses the wretched star.
The wretched star is heavily damaged.
You slash EarthwalkerPL's ghost! You burn EarthwalkerPL's ghost.
EarthwalkerPL's ghost hits you!
You slice the wretched star!! You burn the wretched star.
The wretched star is almost destroyed.
You hit EarthwalkerPL's ghost but do no damage.
EarthwalkerPL's ghost hits you!!
* * * LOW HITPOINT WARNING * * *
The wretched star glows turbulently.
The lance of force hits you!
* * * LOW HITPOINT WARNING * * *
You are knocked back by the lance of force.
You slam into the stone wall!
EarthwalkerPL's ghost hits you!
You die...

##........##W####©##.###.........
#........# ..##...#####.........
#........# ..?.###...W#©........
#.......## ......^##.##..##....#
#......##.#.###§###..#...#...###
#...#..##.x.#.##.#..##.......##
##..##...##9##..#!#.##.....##..#
#.........###..##W..#.....####.#
#..............#@*^.#.....# #.##
..............##∩^..###...# #...
.....>....#####......##...## ##..
.........##*##..###.#†##...####.#
.#####...#W...#.#.##.^©#........#
..# #...########..##.##..##..#..
..# #......####....###....#.###.
..####.......................# ##
....##......................####.


You could see a wretched star and EarthwalkerPL's ghost.

Vanquished Creatures
  A two-headed ogre (D:9)
  A toenail golem (D:10)
  Maurice (D:8)
  Joseph (D:7)
  Maggie (D:8)
  A kobold demonologist (D:9)
  A raiju (D:10)
  Sigmund (D:5)
  A wraith (D:10)
  Grum (D:10)
  18 yaks
  2 vampire mosquitoes (D:10)
  An acid dragon (D:10)
  2 water moccasins
  3 orc warriors
  An ice beast (D:6)
  2 small abominations (D:10)
  An ogre (D:5)
  The ghost of opiumtea the Insei, an amateur GnTm (D:3)
  5 centaurs
  3 wolves (D:10)
  4 kobold brigands
  4 phantoms
  Blork the orc (D:6)
  6 bullfrogs
  5 scorpions
  3 necrophages
  2 gnoll sergeants (D:8)
  4 killer bees (D:10)
  6 howler monkeys
  2 crimson imps (D:4)
  5 orc priests
  2 gnoll boudas
  2 hounds
  Crazy Yiuf (D:7)
  2 iguanas
  8 orc wizards
  Robin (D:4)
  8 adders
  23 gnolls
  2 white imps
  An ufetubus (D:6)
  2 worms (D:5)
  3 dart slugs
  21 orcs
  4 ball pythons
  5 bats
  5 endoplasms
  3 giant cockroaches
  11 goblins
  9 hobgoblins
  4 quokkas
  5 frilled lizards
  3 goblin skeletons (D:4)
  A hobgoblin zombie (D:4)
  24 kobolds
  A kobold zombie (D:4)
  An orc zombie (D:4)
  8 rats
251 creatures vanquished.

Notes
Turn   | Place    | Note
-------+----------+-------------------------------------------
     0 | D:1      | KhryDL the Minotaur Berserker began the quest for the Orb.
     0 | D:1      | Reached XP level 1. HP: 19/19 MP: 0/0
    91 | D:1      | Reached XP level 2. HP: 27/27 MP: 1/1
   676 | D:2      | Reached skill level 5 in Axes
   676 | D:2      | Reached XP level 3. HP: 33/33 MP: 2/2
   838 | D:2      | Reached ** piety under Trog
   891 | D:2      | Found the +18 Lear's hauberk
  1086 | D:2      | Found a faded altar of an unknown god.
  1391 | D:3      | Reached XP level 4. HP: 40/40 MP: 3/3
  1393 | D:3      | Reached skill level 4 in Fighting
  1403 | D:3      | Reached skill level 5 in Fighting
  1403 | D:3      | Reached XP level 5. HP: 48/48 MP: 4/4
  1558 | D:3      | Found a runed translucent gate.
  1558 | D:3      | Found a runed translucent gate.
  1592 | D:3      | Found a runed translucent gate.
  1592 | D:3      | Noticed opiumtea's ghost (amateur GnTm)
  2051 | D:3      | Reached skill level 6 in Fighting
  2074 | D:3      | Killed opiumtea's ghost
  2075 | D:3      | Reached XP level 6. HP: 7/58 MP: 5/5
  2416 | D:4      | Found an iron altar of Okawaru.
  2450 | D:4      | Found a glowing golden altar of the Shining One.
  2477 | D:4      | Reached skill level 7 in Fighting
  2512 | D:4      | Reached *** piety under Trog
  2519 | D:4      | Noticed Robin
  2529 | D:4      | Killed Robin
  2691 | D:4      | Noticed a +0 falchion
  2691 | D:4      | Noticed a +0 short sword
  2693 | D:4      | Noticed a +0 spear
  2693 | D:4      | Noticed a +0 falchion
  2693 | D:4      | Noticed a +0 dagger
  2693 | D:4      | Noticed a +0 dagger
  2693 | D:4      | Noticed a +0 spear
  2693 | D:4      | Noticed a +0 short sword
  2706 | D:4      | Found a hide-covered altar of Uskayaw.
  2788 | D:4      | Found a radiant altar of Vehumet.
  2844 | D:4      | Reached skill level 8 in Fighting
  2844 | D:4      | Reached XP level 7. HP: 61/68 MP: 6/6
  3258 | D:4      | Found a shimmering blue altar of Sif Muna.
  3546 | D:4      | Gained mutation: You expend magic power (3 MP) to
                  | strengthen your wands. [potion of mutation]
  3546 | D:4      | Gained mutation: You are resistant to electric shocks.
                  | (rElec) [potion of mutation]
  3546 | D:4      | Gained mutation: You have a somewhat thin skeletal
                  | structure. (Dex +2, Stealth+) [potion of mutation]
  3560 | D:5      | Entered Level 5 of the Dungeon
  3583 | D:5      | Noticed Sigmund
  3845 | D:5      | Reached skill level 5 in Armour
  3962 | D:5      | Reached skill level 9 in Fighting
  3968 | D:5      | Reached XP level 8. HP: 78/78 MP: 7/7
  4168 | D:5      | Reached skill level 10 in Fighting
  4171 | D:5      | Reached **** piety under Trog
  4481 | D:5      | Reached skill level 11 in Fighting
  4537 | D:5      | Killed Sigmund
  4707 | D:6      | Reached skill level 12 in Fighting
  4803 | D:6      | Noticed Blork the orc
  4815 | D:6      | Killed Blork the orc
  4816 | D:6      | Reached XP level 9. HP: 83/90 MP: 8/8
  5589 | D:7      | Found a staircase to the Ecumenical Temple.
  5912 | D:7      | Found a basalt altar of Yredelemnul.
  5964 | D:7      | Found a shadowy altar of Dithmenos.
  6118 | D:7      | Found a runed translucent door.
  6119 | D:7      | Noticed Crazy Yiuf
  6184 | D:7      | Noticed Joseph
  6206 | D:7      | Killed Joseph
  6207 | D:7      | Reached skill level 13 in Fighting
  6452 | D:7      | Paralysed by Crazy Yiuf for 5 turns
  6459 | D:7      | Killed Crazy Yiuf
  6608 | D:8      | Noticed Maurice
  6625 | D:8      | Killed Maurice
  6626 | D:8      | Reached skill level 14 in Fighting
  6645 | D:8      | Noticed Maggie
  6658 | D:8      | Killed Maggie
  6659 | D:8      | Reached XP level 10. HP: 103/103 MP: 9/9
  6754 | D:8      | Identified a scroll of acquirement
  6754 | D:8      | Acquired a +1 battleaxe of flaming
  6772 | D:8      | Found a staircase to the Lair.
  7565 | D:9      | Noticed a two-headed ogre
  7576 | D:9      | Killed a two-headed ogre
  8081 | D:9      | Found a shimmering altar of Xom.
  8284 | D:9      | Reached skill level 10 in Axes
  8931 | D:10     | Entered Level 10 of the Dungeon
  8990 | D:10     | Noticed a toenail golem
  8990 | D:10     | Noticed EarthwalkerPL's ghost (novice MiFi)
  8993 | D:10     | Noticed a wretched star
  8997 | D:10     | Found a one-way gate to the infinite horrors of the Abyss.
  8998 | D:10     | Noticed a toenail golem
  9027 | D:10     | Found a transporter.
  9033 | D:10     | Found a transporter.
  9052 | D:10     | Found a sparkling altar of Nemelex Xobeh.
  9056 | D:10     | Reached ***** piety under Trog
  9059 | D:10     | Reached XP level 11. HP: 106/110 MP: 10/10
  9318 | D:10     | Found a staircase to the Orcish Mines.
  9328 | D:10     | Noticed Grum
  9339 | D:10     | Killed Grum
 10491 | D:10     | Mangled by EarthwalkerPL's ghost

Illustrated notes

Levels and vault maps discovered:
D:1:      dpeg_arrival_tiny_k, layout_rooms
D:2:      layout_rooms, shapermc_ecumenical_altar_totnotflames,
          minmay_pentomino_p2
D:3:      cheibrodos_pilgrimage, layout_loops_cross,
          gammafunk_ghost_nasty_kobolds, minivault_26,
          minmay_misc_feat_nine_boxes
D:4:      layout_loops_ring, nicolae_vehumet_altar_sigil,
          nicolae_tso_besieged_by_evil, kennysheep_orc_sif_temple,
          mainiacjoe_overflow_24_doors, nicolae_uskayaw_en_pointe,
          minmay_fire_ice_demons, uniq_robin
D:5:      layout_basic, minmay_increasing_density, uniq_sigmund
D:6:      layout_loops_ring, minivault_24, nicolae_sextant, uniq_blork_the_orc
D:7:      layout_loops_ring, kennysheep_mini_moat,
          grunt_dithmenos_smoke_and_mirrors, minmay_temple_entry_hall,
          uniq_joseph, uniq_crazy_yiuf_cottage
D:8:      layout_basic, lair_entry_dummy, uniq_maurice, uniq_maggie
D:9:      layout_loops_corners, kennysheep_mini, hellmonk_bongcloud_opening
D:10:     layout_layer_cave, nemelex_xobeh_ov_fountains_minmay, orc_0_dummy,
          gammafunk_ghost_abyssal_escape, uniq_grum

Skill      XL: |  1  2  3  4  5  6  7  8  9 10 11 |
---------------+----------------------------------+-----
Axes           | 4 5 6 12 13 | 13.9
Fighting       | 5 6 8 9 12 14 | 14.2
Armour         | 3 5 7 9 |  9.5
Dodging        | |  2.2

Action                   |  1- 3 |  4- 6 |  7- 9 | 10-12 || total
-------------------------+-------+-------+-------+-------++-------
Melee: Hand axe          |    63 |   124 |   332 |   169 ||   688
       Headbutt          |     4 |    21 |    59 |    65 ||   149
       Punch             |       |       |     6 |     4 ||    10
       Battleaxe         |       |       |       |    79 ||    79
Invok: Berserk           |     1 |     1 |     5 |     2 ||     9
       Trog's Hand       |       |       |       |     1 ||     1
  Use: Scroll            |       |       |    12 |    14 ||    26
       Potion            |       |       |     2 |     2 ||     4
Armor: Animal skin       |     1 |       |       |       ||     1
       Ring mail         |    13 |       |       |       ||    13
       Chain mail        |    11 |    75 |   255 |    16 ||   357
       Plate armour      |       |       |       |   152 ||   152
Dodge: Dodged            |    31 |    35 |   139 |    87 ||   292
